 Dungeon Sprint DCSS version 0.29-a0-323-g050149af67 (webtiles) character file.

Game seed: 10772858893943380283

8817 jt the Severer (level 11, -3/124 HPs)
             Began as a Deep Dwarf Fighter on Apr 11, 2022.
             Was a Believer of Jiyva.
             Slain by a 15-headed hydra (7 damage)
             ... in the Dungeon (Sprint I: "Red Sonja").
             The game lasted 00:12:52 (1266 turns).

jt the Severer (Deep Dwarf Fighter)                 Turns: 1266, Time: 00:12:53

Health: -3/124     AC:  9    Str: 24    XL:     11   Next: 14%
Magic:  8/8        EV:  8    Int:  9    God:    Jiyva [**....]
Gold:   2          SH: 13    Dex: 12    Spells: 18/18 levels left

rFire   . . .      SeeInvis .   a - +0 war axe
rCold   . . .      Faith    .   e - +3 kite shield {AC+3}
rNeg    . . .      Spirit   .   b - +0 scale mail
rPois   .          Reflect  .   (no helmet)
rElec   .          Harm     .   (no cloak)
rCorr   +          Rampage  .   (no gloves)
Will    +....      NoTele   +   (no boots)
Stlth   ..........              (no amulet)
HPRegen 0.96/turn               (no ring)
MPRegen 0.41/turn               (no ring)

@: mighty
A: damage resistance, heal wounds, sense surroundings 2, no regeneration
a: Heal Wounds, Renounce Religion


You were in the Dungeon.
You worshipped Jiyva.
Jiyva was pleased with you.
You visited 1 branch You collected 649 gold pieces.
You spent 647 gold pieces at shops.

Inventory:

Hand Weapons
 a - a +0 war axe (weapon)
 g - a +1 dagger of draining
 k - a +2 vampiric scythe
Missiles
 i - 2 curare-tipped darts
 m - 22 stones
Armour
 b - a +0 scale mail (worn)
 c - a +0 buckler
 e - a +3 kite shield of protection (worn)
Wands
 d - a wand of digging (6)
 l - a wand of polymorph (10)
Scrolls
 j - a scroll of blinking
 n - a scroll of identify
Potions
 f - a potion of heal wounds
 h - 2 potions of magic
 r - a potion of mutation


   Skills:
 + Level 16.1 Fighting
 + Level 19.6 Axes
 - Level 6.0 Throwing
 - Level 3.2 Armour
 + Level 8.8 Shields
 - Level 4.0 Spellcasting


You had 18 spell levels left.
You didn't know any spells.
Your spell library was empty.

Dungeon Overview and Level Annotations

Branches:
Dungeon (1/1)

Altars:
Cheibriados
Dithmenos
Elyvilon
Fedhas
Gozag
Hepliaklqana
Kikubaaqudgha
Makhleb
Nemelex Xobeh
Okawaru
Qazlal
Ru
Sif Muna
Trog
Uskayaw
Vehumet
Wu Jian
Xom
Yredelemnul
Zin
The Shining One
Jiyva
Lugonu

Shops:
D =?[!:!(***=*[!?*:!:[=


Innate Abilities, Weirdness & Mutations

You are resistant to damage.
You can heal yourself by infusing magical energy.
You passively map the area around you.
You do not regenerate.


Message History

* * * LOW HITPOINT WARNING * * *
The 14-headed hydra bites you!
* * * LOW HITPOINT WARNING * * *
The 14-headed hydra bites you.
* * * LOW HITPOINT WARNING * * *
The 14-headed hydra barely misses you. You block the 14-headed hydra's attack.
The 14-headed hydra bites you.
* * * LOW HITPOINT WARNING * * *
The 14-headed hydra barely misses you.
The 14-headed hydra bites you but does no damage.
The 14-headed hydra completely misses you.
The 14-headed hydra bites you.
* * * LOW HITPOINT WARNING * * *
The 14-headed hydra bites you but does no damage.
Your jackal bites the fire giant but does no damage.
Unknown command.
Press: ? - help, v - describe, . - travel
Here: a 14-headed hydra (severely wounded, ally target)
The floor, spattered with blood.
You barely miss the 14-headed hydra.
The 14-headed hydra is severely wounded.
You hit the fire giant but do no damage.
Your jackal bites the 14-headed hydra.
Your goblin barely misses the 14-headed hydra.
The fire giant points at you and mumbles some strange words.
The bolt of fire hits you!
* * * LOW HITPOINT WARNING * * *
Your jackal bites the fire giant.
Press: ? - help, v - describe, . - travel
Here: a 14-headed hydra (purple smoke, severely wounded, not watching you, ally target)
The floor, spattered with blood.
You hack one of the 14-headed hydra's heads off!
The 13-headed hydra grows two more!
You slice the 15-headed hydra!!
The 15-headed hydra is almost dead.
You slash the fire giant!
Your jackal barely misses the fire giant.
You block the 15-headed hydra's attack. The 15-headed hydra bites you. x2
* * * LOW HITPOINT WARNING * * *
The 15-headed hydra misses you. The 15-headed hydra bites you!
You die...

########################
* *
......#).#§.§§§§@Dgh....
, ,
..#...##'#§§###§.Ch§##..
,, ###......#§#§###§§h##
##* ,
§.#####..§.#+#,###§#}$[##
, ..#..##)#### ,,
#.##$$$# , ,
§.§..#.○°○°#, #..###$# ,
§§#.§#.°.°.+ ##.#A#$#
####§###...# , #..###$#,,
** * .###.'.#.○.#
#.##..$# , ,


You could see a fire giant, a 15-headed hydra (ally target), 2 friendly jackals
and a friendly goblin (summoned).

Vanquished Creatures
  2 centaur warriors (D)
  Sonja (D)
  A deep troll (D)
  A lindwurm (D)
  An oklob plant (D)
  2 kobold demonologists (D)
  4 demonic crawlers (D)
  5 unseen horrors (D)
  A gargoyle (D)
  A hornet (D)
  Sigmund (D)
  13 hogs (D)
  A yak (D)
  2 redbacks (D)
  An ogre (D)
  A necrophage (D)
  A jelly (D)
  Ijyb (D)
40 creatures vanquished.

Vanquished Creatures (others)
  6 shining eyes (D)
  2 unseen horrors (D)
  2 hornets (D)
  A slime creature (D)
  6 floating eyes (D)
  6 necrophages (D)
  21 jellies (D)
  2 ballistomycete spores (D)
46 creatures vanquished.

Grand Total: 86 creatures vanquished

Notes
Turn   | Place    | Note
-------+----------+-------------------------------------------
     0 | D        | jt the Deep Dwarf Fighter began the quest for the Orb.
     0 | D        | Reached XP level 1. HP: 20/20 MP: 1/1
     2 | D        | Noticed Ijyb
    11 | D        | Killed Ijyb
    12 | D        | Reached skill level 6 in Axes
    12 | D        | Reached XP level 2. HP: 24/27 MP: 2/2
    15 | D        | Noticed an ogre
    19 | D        | Killed an ogre
    20 | D        | Reached skill level 5 in Fighting
    20 | D        | Reached skill level 8 in Axes
    20 | D        | Reached XP level 3. HP: 9/39 MP: 3/3
    20 | D        | Reached XP level 4. HP: 10/46 MP: 4/4
    31 | D        | Noticed Sigmund
    41 | D        | Killed Sigmund
    42 | D        | Reached skill level 10 in Axes
    42 | D        | Reached XP level 5. HP: 12/58 MP: 5/5
    42 | D        | Reached XP level 6. HP: 14/67 MP: 6/6
    61 | D        | Found a shimmering blue altar of Sif Muna.
    62 | D        | Found an ornate altar of the Wu Jian Council.
    63 | D        | Found a radiant altar of Vehumet.
    65 | D        | Reached skill level 11 in Axes
    83 | D        | Found a viscous altar of Jiyva.
    83 | D        | Found a corrupted altar of Lugonu.
    83 | D        | Noticed a slime creature
    84 | D        | Found a burning altar of Makhleb.
    84 | D        | Found a shimmering altar of Xom.
    86 | D        | Became a worshipper of Jiyva Jiveh the Shapeless
    98 | D        | Noticed a kobold demonologist
   100 | D        | Noticed a sun demon
   100 | D        | Killed a floating eye
   104 | D        | Killed a slime creature
   107 | D        | Killed a floating eye
   119 | D        | Killed a kobold demonologist
   120 | D        | Reached skill level 12 in Axes
   120 | D        | Reached XP level 7. HP: 74/78 MP: 7/7
   124 | D        | Killed an unseen horror
   142 | D        | Noticed Sonja
   146 | D        | Noticed a yak
   147 | D        | Killed an unseen horror
   155 | D        | Killed a yak
   156 | D        | Reached skill level 10 in Fighting
   156 | D        | Reached skill level 13 in Axes
   156 | D        | Found Fecrit's Distillery.
   156 | D        | Found an ancient bone altar of Kikubaaqudgha.
   156 | D        | Found a hazy altar of Hepliaklqana.
   156 | D        | Found a hide-covered altar of Uskayaw.
   156 | D        | Found a basalt altar of Yredelemnul.
   156 | D        | Found an opulent altar of Gozag.
   156 | D        | Found a snail-covered altar of Cheibriados.
   156 | D        | Found a sacrificial altar of Ru.
   156 | D        | Found a shadowy altar of Dithmenos.
   156 | D        | Noticed a kobold demonologist
   157 | D        | Found a stormy altar of Qazlal.
   157 | D        | Found a blossoming altar of Fedhas.
   157 | D        | Found a bloodstained altar of Trog.
   157 | D        | Found an iron altar of Okawaru.
   157 | D        | Found a glowing golden altar of the Shining One.
   157 | D        | Found a glowing silver altar of Zin.
   157 | D        | Found a white marble altar of Elyvilon.
   158 | D        | Found a sparkling altar of Nemelex Xobeh.
   162 | D        | Noticed a hellwing
   165 | D        | Killed Sonja
   166 | D        | Reached skill level 14 in Axes
   166 | D        | Reached XP level 8. HP: 29/91 MP: 6/6
   173 | D        | Killed a kobold demonologist
   174 | D        | Reached skill level 15 in Axes
   184 | D        | Noticed a deep troll
   188 | D        | Found Tisk's Jewellery Boutique.
   189 | D        | Noticed a shining eye
   189 | D        | Noticed a shining eye
   189 | D        | Noticed a shining eye
   190 | D        | Noticed a shining eye
   199 | D        | Reached * piety under Jiyva
   201 | D        | Noticed a shining eye
   202 | D        | Noticed a shining eye
   203 | D        | Found Maer's Book Shop.
   203 | D        | Found Usmy's Distillery.
   207 | D        | Found Fuibbu's Antique Armour Emporium.
   210 | D        | Killed a shining eye
   214 | D        | Killed a shining eye
   230 | D        | Killed a deep troll
   238 | D        | Found Bumemeqo's Magic Scroll Shoppe.
   252 | D        | Killed a shining eye
   263 | D        | Killed a shining eye
   267 | D        | Noticed a demonic crawler
   268 | D        | Noticed a centaur warrior
   284 | D        | Killed a demonic crawler
   285 | D        | Gained mutation: You passively map the area around you.
                  | [Deep Dwarf growth]
   285 | D        | Reached XP level 9. HP: 61/100 MP: 6/6
   298 | D        | Noticed a centaur warrior
   305 | D        | Killed a centaur warrior
   306 | D        | Reached skill level 16 in Axes
   306 | D        | Reached skill level 5 in Throwing
   320 | D        | Noticed a demonic crawler
   347 | D        | Killed a shining eye
   369 | D        | Noticed a demonic crawler
   393 | D        | Killed a demonic crawler
   394 | D        | Reached skill level 1 in Spellcasting
   401 | D        | Noticed a demonic crawler
   422 | D        | Killed a centaur warrior
   423 | D        | Reached skill level 17 in Axes
   427 | D        | Killed a shining eye
   434 | D        | Killed a demonic crawler
   446 | D        | Killed a demonic crawler
   447 | D        | Reached XP level 10. HP: 74/112 MP: 7/9
   473 | D        | Found Dalual's Armour Emporium.
   500 | D        | Paralysed by a hornet for 3 turns
   554 | D        | Noticed an oklob plant
   564 | D        | Killed an oklob plant
   565 | D        | Reached skill level 18 in Axes
   727 | D        | Found Buha's Assorted Antiques.
   728 | D        | Found Xamen's Distillery.
   728 | D        | Found Kuis's Antique Weapon Shop.
   728 | D        | Found Iddun's Book Emporium.
   729 | D        | Found Sohoq's Jewellery Emporium.
   730 | D        | Found Yrpher's Assorted Antiques.
   733 | D        | Reached ** piety under Jiyva
   734 | D        | Found Ywimp's Assorted Antiques.
   734 | D        | Found Zaerchur's Jewellery Shop.
   734 | D        | Found Qoadec's Assorted Antiques.
   734 | D        | Found Toroit's Antique Armour Boutique.
   734 | D        | Found Inot's Distillery.
   734 | D        | Found Sovin's Magic Scroll Shop.
   734 | D        | Found Ysele's General Store.
   737 | D        | Found Wexos's Book Boutique.
   756 | D        | Bought a shiny kite shield for 195 gold pieces
   762 | D        | Bought a worn fluorescent wand for 108 gold pieces
   762 | D        | Bought a scroll labelled OXEEFOESEL for 27 gold pieces
   764 | D        | Bought a scroll labelled COYNTOJEGH for 26 gold pieces
   806 | D        | Noticed a gargoyle
   816 | D        | Killed a gargoyle
   825 | D        | Noticed a lindwurm
   840 | D        | Killed a lindwurm
   841 | D        | Reached skill level 15 in Fighting
   904 | D        | Reached skill level 19 in Axes
   929 | D        | Noticed a daeva
   943 | D        | Reached XP level 11. HP: 115/124 MP: 9/9
  1191 | D        | Bought a scroll labelled OLE UNOUPTIGICS for 24 gold pieces
  1191 | D        | Bought a scroll labelled OLE UNOUPTIGICS for 24 gold pieces
  1192 | D        | Bought a scroll labelled FORCHA FOSE for 26 gold pieces
  1192 | D        | Bought a scroll labelled ENITSI LOMNAD for 26 gold pieces
  1195 | D        | Bought a smoky red potion for 24 gold pieces
  1197 | D        | Bought a potion of might for 44 gold pieces
  1200 | D        | Bought a scroll of summoning for 123 gold pieces
  1252 | D        | Noticed a 12-headed hydra
  1257 | D        | Noticed a fire giant
  1265 | D        | HP: 5/124 [fire giant/bolt of fire (12)]
  1266 | D        | Slain by a 15-headed hydra

Illustrated notes

Levels and vault maps discovered:
D:        dungeon_sprint_1 [red_sonja_temple_1, red_sonja_temple_small_1]

Skill      XL: |  1  2  3  4  5  6  7  8  9 10 11 |
---------------+----------------------------------+-----
Axes           | 6 8 10 12 14 15 17 19 | 19.6
Fighting       | 5 7 9 11 12 14 15 16 | 16.1
Throwing       | 4 6 |  6.0
Spellcasting   | 4 |  4.0
Shields        | 7 8 |  8.8
Armour         | |  3.2

Action                   |  1- 3 |  4- 6 |  7- 9 | 10-12 || total
-------------------------+-------+-------+-------+-------++-------
Melee: War axe           |    11 |     8 |    87 |   103 ||   209
       Scythe            |       |     9 |     2 |       ||    11
       Punch             |       |       |       |     2 ||     2
Throw: Dart              |       |       |     1 |     2 ||     3
 Abil: Heal Wounds       |       |     2 |    23 |     5 ||    30
Evoke: Wand              |       |       |       |     1 ||     1
  Use: Potion            |     1 |     1 |     1 |     2 ||     5
       Scroll            |       |       |       |     7 ||     7
Armor: Scale mail        |     6 |     4 |    77 |    47 ||   134
Dodge: Dodged            |     1 |     5 |    90 |    36 ||   132
Block: Buckler           |     2 |       |       |       ||     2
       Kite shield       |       |       |       |    56 ||    56

Table legend: (Time is in decaauts)
 A = Elapsed time spent in this place.
 B = Non-inter-level travel time spent in this place.
 C = Inter-level travel time spent in this place.
 D = Time resting spent in this place.
 E = Time spent auto-exploring this place.
 F = Levels seen in this place.
 G = Mean time per level.
                   A        B        C        D        E       F      G
               +--------+--------+--------+--------+--------+-----+--------+
         Total |   1233 |   1158 |     75 |    381 |      0 |   1 | 1233.0 |
       Dungeon |   1233 |   1158 |     75 |    381 |      0 |   1 | 1233.0 |
               +--------+--------+--------+--------+--------+-----+--------+

Top non-repeatable levels by time:
       D: 1233 daAuts
